 Dungeon Crawl Stone Soup version 0.29-a0-422-gafbd6decc1 (webtiles) character file.

Game seed: 14035112023396705712

741 xian the Destroyer (level 7, -1/39 HPs)
             Began as a Tengu Conjurer on May 18, 2022.
             Slain by a wight
             ... wielding a +1 morningstar
              (4 damage)
             ... on level 8 of the Dungeon.
             The game lasted 00:16:24 (4973 turns).

xian the Destroyer (Tengu Conjurer)                 Turns: 4973, Time: 00:16:25

Health: -1/39      AC:  6    Str:  7    XL:     7   Next: 75%
Magic:  2/14       EV: 15    Int: 25    God:
Gold:   283        SH:  5    Dex: 19    Spells: 11/14 levels left

rFire   . . .      SeeInvis .   p - +7 mace of Variability {chain chaos}
rCold   + . .      Faith    .   (shield currently unavailable)
rNeg    + . .      Spirit   .   c - +0 leather armour
rPois   +          Reflect  +   (helmet restricted)
rElec   .          Harm     .   t - +2 ratskin cloak {*Rats rPois rN+ Str-1 Int-1 Dex+1}
rCorr   .          Rampage  .   (no gloves)
Will    .....                   (boots unavailable)
Stlth   ++........              n - amulet of reflection
HPRegen 0.13/turn               v - +6 ring of intelligence
MPRegen 0.14/turn               B - +6 ring of dexterity

@: flying quickly and evasively, hasted, very quick
A: beak, talons 3, nimble flight, cold resistance 1
a: no special abilities


You were on level 8 of the Dungeon.
You visited 1 branch of the dungeon, and saw 6 of its levels.

You collected 283 gold pieces.

Inventory:

Hand Weapons
 h - a +2 dagger of draining
 p - the +7 mace of Variability (weapon) {chain chaos}
   (You found it on level 2 of the Dungeon)

   Each time it hits an enemy it has a different, random effect.
   It occasionally unleashes arcs of chaos on nearby creatures upon striking a
   foe.
 w - the +3 hunting sling "Brush" {freeze, MP+9}
   (You found it on level 3 of the Dungeon)

   Any ammunition fired from it freezes those it strikes, dealing additional
   cold damage.
   It can also slow down cold-blooded creatures.
   MP:        It affects your magic capacity (+9).
Armour
 a - a +0 robe
 c - a +0 leather armour (worn)
 t - the +2 ratskin cloak (worn) {*Rats rPois rN+ Str-1 Int-1 Dex+1}
   (You found it on level 3 of the Dungeon)

   When the wearer is hurt, rats may emerge from it to assist them.
   Str:       It affects your strength (-1).
   Int:       It affects your intelligence (-1).
   Dex:       It affects your dexterity (+1).
   rPois:     It protects you from poison.
   rN:        It protects you from negative energy.
Jewellery
 n - an amulet of reflection (around neck)
 v - a +6 ring of intelligence (left hand)
 x - a ring of poison resistance
 B - a +6 ring of dexterity (right hand)
 D - a ring of positive energy
Wands
 y - a wand of iceblast (8)
 A - a wand of acid (7)
Scrolls
 d - a scroll of fear {unknown}
 e - 2 scrolls of enchant armour {unknown}
 f - 2 scrolls of identify {unknown}
 g - 2 scrolls of noise {unknown}
 i - 2 scrolls of immolation {unknown}
 m - a scroll of poison {unknown}
 o - 2 scrolls of fog {unknown}
 q - 2 scrolls of vulnerability {unknown}
 s - 2 scrolls of silence {unknown}
 u - a scroll of blinking {unknown}
 F - 4 scrolls of teleportation {unknown}
Potions
 b - a potion of magic
 j - a potion of mutation
 k - a potion of lignification {unknown}
 l - a potion of invisibility {unknown}
 z - 2 potions of heal wounds {unknown}
 C - a potion of resistance {unknown}
 E - a potion of cancellation {unknown}
 G - a potion of berserk rage {unknown}


   Skills:
 + Level 1.7 Fighting
 + Level 1.2 Short Blades
 + Level 2.2 Maces & Flails
 + Level 3.2 Armour
 + Level 2.7 Dodging
 + Level 2.8 Stealth
 + Level 0.6 Shields
 + Level 4.1 Spellcasting
 + Level 8.1 Conjurations


You had 11 spell levels left.
You knew the following spells:

 Your Spells              Type           Power      Damage    Failure   Level
a - Magic Dart            Conj           100%       1d8       1%          1
b - Searing Ray           Conj           92%        2d7       1%          2

Your spell library contained the following spells:

 Spells                   Type           Power      Damage    Failure   Level
 Shock                    Conj/Air       100%       1d9       2%          1
 Dazzling Flash           Conj/Hex       50%        N/A       8%          3
 Fulminant Prism          Conj/Hex       12%        3d9       24%         4
 Iskenderun's Mystic Bla  Conj/Tloc      25%        2d7       24%         4
 Swiftness                Air            5%         N/A       36%         3
 Airstrike                Air            2%         N/A       78%         4


Dungeon Overview and Level Annotations

Branches:
Dungeon (5/15)
 Temple: D:4-7

Altars:
Fedhas


Innate Abilities, Weirdness & Mutations

You have a beak for a mouth.
You have claws for feet.
Your magical nature lets you fly swiftly and evasively.
Your flesh is cold resistant. (rC+)


Message History

You kill the killer bee!
The searing ray misses the wight.
The searing ray hits the wight.
The wight is lightly damaged. (Press . to maintain the ray.)
Your life force feels restored.
Your Spellcasting skill increases to level 4!
Casting: Searing Ray (safe; 1% risk of failure)
Confirm with . or Enter, or press ? or * to list all spells.
Restarting spell: Searing Ray (safe; 1% risk of failure)
Press: ? - help, Shift-Dir - straight line, f - wight, p - wight
Aim: a wight, wielding a +4 short sword and wearing a +0 robe (lightly damaged, 82% to hit)
The searing ray misses the wight.
The searing ray hits the wight but does no damage.
The searing ray hits the wight!
The wight is heavily damaged. (Press . to maintain the ray.)
The wight barely misses you.
Casting: Searing Ray (safe; 1% risk of failure)
Confirm with . or Enter, or press ? or * to list all spells.
Restarting spell: Searing Ray (safe; 1% risk of failure)
Press: ? - help, Shift-Dir - straight line, p - wight The searing ray hits the wight!
You destroy the wight!
The searing ray hits the wight.
The wight is lightly damaged.
The searing ray hits the wight!
The wight is severely damaged. (Press . to maintain the ray.)
The wight hits you with a +1 morningstar!
* * * LOW HITPOINT WARNING * * *
A hell rat scurries out from under your cloak.
You partially resist.
You feel drained.
Your life force feels restored.
Number of times to repeat, then command key: You must enter the number of times for the command to repeat.
You swap places.
You're already flying!
You swap places.
The wight hits you with a +1 morningstar.
You die...

#######################
.........##...........#
.......@r##...........#
......z).##...........#
.....z.z.##...).......#
.......z..............#
.........##...........#
......#####............
.).... #............
...... ...########..
...... ....#


You could see 4 wights and a friendly hell rat.

Vanquished Creatures
  A scorpion (D:5)
  A wight (D:8)
  3 killer bees (D:8)
  3 orc priests
  An iguana (D:5)
  7 gnolls
  5 adders
  A shadow imp (D:5)
  3 worms
  2 dart slugs
  13 orcs
  6 bats
  4 endoplasms
  4 giant cockroaches
  4 hobgoblins
  18 jackals
  12 kobolds
  3 quokkas
  6 ball pythons
  2 frilled lizards
  4 goblins
  3 rats
106 creatures vanquished.

Vanquished Creatures (collateral kills)
  A phantom (D:4)
  A gnoll shaman (D:4)
  An orc wizard (D:3)
  A gnoll (D:4)
  A worm (D:5)
  3 orcs
8 creatures vanquished.

Grand Total: 114 creatures vanquished

Notes
Turn   | Place    | Note
-------+----------+-------------------------------------------
     0 | D:1      | xian the Tengu Conjurer began the quest for the Orb.
     0 | D:1      | Reached XP level 1. HP: 10/10 MP: 4/4
    97 | D:1      | Found a faded altar of an unknown god.
   270 | D:1      | Reached XP level 2. HP: 15/15 MP: 4/6
   308 | D:1      | Learned a level 2 spell: Searing Ray
   582 | D:1      | Reached skill level 6 in Conjurations
   787 | D:1      | Reached XP level 3. HP: 19/19 MP: 4/7
  1594 | D:2      | Reached skill level 1 in Armour
  1740 | D:2      | Found the +7 mace of Variability {chain chaos}
  2238 | D:3      | Reached XP level 4. HP: 24/24 MP: 5/8
  2303 | D:3      | Found the +2 ratskin cloak {*Rats rPois rN+ Str-1 Int-1
                  | Dex+1}
  2404 | D:3      | Reached skill level 1 in Short Blades
  2443 | D:3      | Identified the +3 hunting sling "Brush" {freeze, MP+9}
  2656 | D:3      | Gained mutation: Your magical nature lets you fly swiftly
                  | and evasively. [Tengu growth]
  2656 | D:3      | Reached XP level 5. HP: 28/28 MP: 4/9
  2980 | D:3      | Gained mutation: Your flesh is cold resistant. (rC+)
                  | [potion of mutation]
  2999 | D:3      | Reached skill level 7 in Conjurations
  3335 | D:4      | Reached XP level 6. HP: 33/33 MP: 4/11
  3341 | D:4      | Reached skill level 1 in Fighting
  3349 | D:4      | Reached skill level 1 in Maces & Flails
  4146 | D:4      | Found a blossoming altar of Fedhas.
  4525 | D:5      | Entered Level 5 of the Dungeon
  4628 | D:5      | Reached XP level 7. HP: 33/38 MP: 7/13
  4942 | D:5      | You are sucked into a shaft and drop 3 floors!
  4959 | D:8      | Reached skill level 8 in Conjurations
  4973 | D:8      | Slain by a wight

Illustrated notes

Levels and vault maps discovered:
D:1:      psy_arrival_fountain, layout_loops_cross,
          shapermc_ecumenical_altar_pompeii, minmay_vboxes
D:2:      layout_loops_cross, minmay_tiny_reverse_x
D:3:      layout_basic, nrook_mini_backslash, nicolae_figureground_pulse
D:4:      layout_cave_pods, mainiacjoe_overflow_alcove_1
D:5:      layout_gridville, kennysheep_opposing_triangles
D:8:      minmay_skewed_foursquare, layout_basic

Skill      XL: |  1  2  3  4  5  6  7 |
---------------+----------------------+-----
Conjurations   | 6 7 8 |  8.1
Armour         | 1 2 3 |  3.2
Short Blades   | 1 |  1.2
Spellcasting   | 3 4 |  4.1
Fighting       | 1 |  1.7
Maces & Flails | 1 2 |  2.2
Dodging        | |  2.7
Stealth        | |  2.8
Shields        | |  0.6

Action                   |  1- 3 |  4- 6 |  7- 9 || total
-------------------------+-------+-------+-------++-------
Melee: Dagger            |    26 |       |       ||    26
       Kick              |     3 |     4 |     1 ||     8
       Peck              |     1 |     1 |       ||     2
       Great mace        |       |    22 |     1 ||    23
 Cast: Magic Dart        |    78 |   109 |    32 ||   219
       Searing Ray       |       |       |    11 ||    11
  Use: Potion            |       |     3 |     2 ||     5
Armor: Leather armour    |     6 |     2 |     6 ||    14
Dodge: Dodged            |    20 |    26 |    15 ||    61
Block: Other             |       |    14 |     7 ||    21

Table legend: (Time is in decaauts)
 A = Elapsed time spent in this place.
 B = Non-inter-level travel time spent in this place.
 C = Inter-level travel time spent in this place.
 D = Time resting spent in this place.
 E = Time spent auto-exploring this place.
 F = Levels seen in this place.
 G = Mean time per level.
                   A        B        C        D        E       F      G
               +--------+--------+--------+--------+--------+-----+--------+
         Total |   4855 |   4794 |     61 |    239 |   3859 |   6 |  809.2 |
       Dungeon |   4855 |   4794 |     61 |    239 |   3859 |   6 |  809.2 |
               +--------+--------+--------+--------+--------+-----+--------+

Top non-repeatable levels by time:
     D:1: 1199 daAuts
     D:3: 1151 daAuts
     D:4: 1145 daAuts
     D:2: 924 daAuts
     D:5: 406 daAuts
     D:8: 27 daAuts
